 Dungeon Crawl Stone Soup version 0.31-a0-1206-g41278d8d1d (webtiles) character file.

Game seed: 11602871697852306363

1439 kae the Cleaver (level 8, 0/64 HPs)
             Began as a Hill Orc Fighter on Dec 13, 2023.
             Slain by a hornet (9 damage)
             ... while paralysed by a hornet
             ... on level 7 of the Dungeon.
             The game lasted 00:06:40 (4472 turns).

kae the Cleaver (Hill Orc Fighter)                  Turns: 4472, Time: 00:06:41

Health: 0/64       AC:  9    Str: 27    XL:     8   Next: 74%
Magic:  8/8        EV:  2    Int:  8    God:
Gold:   66         SH:  0    Dex: 10    Spells: 7/7 levels left

rFire   . . .        a - +3 war axe
rCold   . . .        c - +0 buckler
rNeg    . . .        b - +0 scale mail
rPois   .            (no helmet)
rElec   .            (no cloak)
rCorr   .            (no gloves)
SInv    .            k - +1 pair of boots
Will    .....        g - amulet of regeneration Stlth
                     E - +5 ring of evasion
HPRegen 1.10/turn    S - +6 ring of strength
MPRegen 0.11/turn

%: no passive effects
@: paralysed, mighty, lethally poisoned (0 -> -9), hasted and slowed
A: no striking features
a: no special abilities


You were on level 7 of the Dungeon.
You visited 1 branch of the dungeon, and saw 9 of its levels.

You collected 214 gold pieces.
You spent 148 gold pieces at shops.


   Skills:
 - Level 3.6 Fighting
 + Level 13.7 Axes
 - Level 3.2 Armour
 - Level 3.2 Shields


You had 7 spell levels left.
You didn't know any spells.
Your spell library was empty.

Inventory:

Hand Weapons
 a - a +3 war axe (weapon)
Missiles
 h - 55 stones
 i - 2 poisoned darts
 m - 2 boomerangs
 y - a curare-tipped dart {=f}
 A - a throwing net {=f!f}
Armour
 b - a +0 scale mail (worn)
 c - a +0 buckler (worn)
 k - a +1 pair of boots (worn)
   (You found it on level 1 of the Dungeon)
Magical Staves
 o - a staff of fire {!a}
   (You found it on level 2 of the Dungeon)
 r - a staff of conjuration {!a}
   (You found it on level 2 of the Dungeon)
Jewellery
 g - an amulet of regeneration (around neck)
   (You found it on level 3 of the Dungeon)
 v - a ring of see invisible
   (You found it on level 1 of the Dungeon)
 E - a +5 ring of evasion (left hand)
   (You found it on level 2 of the Dungeon)
 S - a +6 ring of strength (right hand)
   (You found it on level 2 of the Dungeon)
Wands
 x - a wand of flame (18)
   (You found it on level 6 of the Dungeon)
 C - a wand of polymorph (2)
   (You found it on level 4 of the Dungeon)
Scrolls
 e - a scroll of noise {!r}
 f - 4 scrolls of teleportation {@r4}
 n - a scroll of amnesia
 q - 2 scrolls of immolation {!r!r}
 u - a scroll of fog
Potions
 d - a potion of might
 l - 3 potions of brilliance
 p - 3 potions of attraction {unknown}
 s - a potion of curing {unknown}
 w - a potion of magic
 z - 2 potions of lignification {!q}
 D - a potion of heal wounds {@q2}
 F - a potion of mutation {!q}

Dungeon Overview and Level Annotations

Branches:
Dungeon (9/15) Zot: 26952  Temple (0/1) D:6
   Lair: D:8-11         Orc: D:9-12

Altars:
Ashenzari
Fedhas
Hepliaklqana
Okawaru
Trog
The Shining One

Shops:
D:1 *?:?:   D:4 ?   D:5 [**   D:7 :

Annotations:
D:4 1 runed translucent door, Dirtsage's ghost, amateur OpSh

#...........##
#............#
#.............
#.............
#.............
##.............
........y......
##@......# ....##
###......... ..8.8.8
##.[......... ...⌠.⌠$#
#..#......... ..8.∩.8##
#.##......).. ....⌠.⌠..#
#.##.........
...8.8.8.###.###...$...#
...##....##<.# ##.....##
......#.....## ######


You could see a hornet.


Message History

There is an entrance to an ossuary on this level.
Hurry and find it before the portal is buried!
Level annotation: Joseph; Menkaure The orc closely misses you.
You block the orc's attack.
There is a stone staircase leading down here. 😕 HP[+2]
You regained 2 hp, and now have 59/64 hp.
Unknown command.
You slice Menkaure!!
You destroy Menkaure!
You hit the orc. x2; You closely miss the orc.
Joseph shoots a sling bullet.
The sling bullet barely misses you. 😕 HP[+1] Unknown command.
You closely miss the orc. x2; You slash the orc!
You kill the orc!
You block the orc's attack. x2
Unknown command. 😕 HP[+1]
You slash the orc!
You kill the orc!
You hit the orc.
You kill the orc!
You closely miss the orc. The orc misses you.
Joseph shoots a sling bullet.
The sling bullet hits you! 😕 HP[-8]
You take 8 damage, and now have 53/64 hp.
The orc hits you but does no damage.
Joseph shoots a sling bullet.
The sling bullet hits you. 😕 HP[-3]
You take 3 damage, and now have 50/64 hp.
Joseph unwields a +0 sling.
Joseph wields a +3 heavy quarterstaff.
Joseph barely misses you. 😕 HP[+1]
You barely miss Joseph. 😕 HP[+1] Unknown command.
You slice Joseph!! You slash Joseph! You slash the orc!
You kill the orc!
Joseph hits you with a +3 heavy quarterstaff! 😮 HP[-12]
You take 12 damage, and now have 40/64 hp.
You slash Joseph! 😮 HP[+1] Unknown command.
You slice Joseph!!
You kill Joseph!
Your Axes skill increases to level 13!
Items here: )) [ †. 😮 HP[+1]
Okay, then. 😮 HP[+1]
There is a stone staircase leading up here. 😮 HP[+1]
Found an escape hatch in the ceiling. 😮 HP[+1] 😮 HP[+1]
Found Karomi's Book Shoppe. 😮 HP[+1] 😮 HP[+1] 😕 HP[+1] 😕 HP[+1]
A bullfrog comes into view.
There is an escape hatch in the ceiling here. 😕 HP[+1] 😕 HP[+1]
You slash the bullfrog! The bullfrog hits you. 😕 HP[-3]
You take 3 damage, and now have 49/64 hp.
You slash the bullfrog!
You kill the bullfrog! 😕 HP[+1] 😕 HP[+1]
A hornet comes into view.
The hornet buzzes angrily.
You see here a +0 chain mail. 😕 HP[+1] 😕 HP[+1] 😕 HP[+1] Unknown command.
You miss the hornet.
Your extra speed is starting to run out.
The hornet barely misses you.
You slash the hornet! The hornet stings you.
You are poisoned.
You feel yourself slow down.
You closely miss the hornet.
You feel yourself speed up.
You feel very sick. The hornet stings you.
You suddenly lose the ability to move!
The hornet stings you!
You feel yourself slow down.
You feel sick. The hornet stings you!
* * * LOW HITPOINT WARNING * * *
You feel as though you will be slow longer.
You feel sick. The hornet stings you!
* * * LOW HITPOINT WARNING * * *
You are lethally poisoned!
You shrug off the repeated paralysis!
The hornet stings you!
You die...

Skill      XL: |  1  2  3  4  5  6  7  8 |
---------------+-------------------------+-----
Axes           | 3 4 5 6 8 10 12 13 | 13.7
Fighting       | |  3.6
Armour         | |  3.2
Shields        | |  3.2

Action                     |  1- 3 |  4- 6 |  7- 9 || total
---------------------------+-------+-------+-------++-------
  Melee: War axe           |    96 |   107 |    84 ||   287
    Use: Scroll            |       |     6 |    11 ||    17
         Potion            |       |       |     2 ||     2
 Armour: Scale mail        |    72 |    53 |    44 ||   169
  Dodge: Dodged            |    48 |    82 |    34 ||   164
  Block: Buckler           |    20 |    21 |    17 ||    58

Levels and vault maps discovered:
D:1:      roderic_chinese_lattice_arrival, layout_basic, serial_shops,
          nicolae_shop_peninsula, shop, shop, shop, nicolae_shop_hallway_plus
D:2:      layout_loops_corners
D:3:      cheibrodos_old_hovel, layout_basic, overflow_temple_1_default,
          mainiacjoe_overflow_catch_the_wave, serial_forest,
          infiniplex_forest_zigzag_2, infiniplex_forest_lined_3_way,
          infiniplex_forest_clump_tiny, infiniplex_forest_clump_double,
          infiniplex_forest_end_2, infiniplex_forest_lined_room_2,
          infiniplex_forest_lined_ring, infiniplex_forest_end_2
D:4:      layout_loops_ring, general_overflow_altar, ebering_ghost_sewer_d,
          serial_shops, shop
D:5:      layout_basic, nicolae_ashenzari_skybound, serial_shops,
          nicolae_shop_overgrown_old_shop, nicolae_specific_store
D:6:      layout_basic, minmay_temple_entry_enclosed_plants,
          kennysheep_minor_cross
D:7:      layout_rooms, mainiacjoe_overflow_boulevard, makhleb_grotto_becter,
          mainiacjoe_overflow_tiny_flanked, serial_bayou, serial_bayou_ford_a,
          serial_bayou_pond_a, serial_bayou_pond_e, serial_bayou_lagoon_a,
          serial_bayou_pond_e, serial_shops,
          nicolae_shop_temple_entry_statues_fountains, enter_ossuary_3,
          minmay_statues_item, uniq_menkaure, uniq_joseph
D:8:      layout_basic, tso_metal_star
D:9:      layout_roguey, david_lair_generic

Notes
Turn   | Place    | Note
-------+----------+-------------------------------------------
     0 | D:1      | kae the Hill Orc Fighter began the quest for the Orb.
     0 | D:1      | Reached XP level 1. HP: 19/19 MP: 1/1
     0 | D:1      | magus.rc [v1.11.3]
    22 | D:1      | Reached skill level 3 in Axes
    40 | D:1      | Found Guxzoheu's Book Boutique.
    62 | D:1      | Found Jaxtesso's Magic Scroll Boutique.
   240 | D:1      | Reached XP level 2. HP: 26/26 MP: 2/2
   388 | D:1      | Reached skill level 4 in Axes
   452 | D:1      | Found Emotobal's Magic Scroll Emporium.
   525 | D:1      | Found Qoogyug's Assorted Antiques.
   628 | D:1      | Reached XP level 3. HP: 24/31 MP: 3/3
   927 | D:1      | Found Ket Zoev's Book Shop.
  1378 | D:2      | Reached skill level 5 in Axes
  1962 | D:3      | Reached XP level 4. HP: 39/39 MP: 4/4
  2002 | D:3      | Found a hazy altar of Hepliaklqana.
  2047 | D:3      | Found a blossoming altar of Fedhas.
  2443 | D:3      | Found a bloodstained altar of Trog.
  2702 | D:4      | Found Netamoebb's Magic Scroll Shoppe.
  2707 | D:4      | Reached skill level 6 in Axes
  2717 | D:4      | Bought a scroll of identify for 20 gold pieces
  2717 | D:4      | Bought a scroll of identify for 20 gold pieces
  2717 | D:4      | Bought a scroll of identify for 20 gold pieces
  2843 | D:4      | Found a runed translucent door.
  2846 | D:4      | Noticed a bullfrog
  2847 | D:4      | Noticed Dirtsage's ghost (amateur OpSh)
  2891 | D:4      | Reached XP level 5. HP: 45/45 MP: 5/5
  2919 | D:4      | Found an iron altar of Okawaru.
  3305 | D:4      | Reached skill level 7 in Axes
  3369 | D:5      | Entered Level 5 of the Dungeon
  3382 | D:5      | Found Plog's Specific Store.
  3382 | D:5      | Found Oshryt's General Store.
  3391 | D:5      | Bought a potion of heal wounds for 55 gold pieces
  3391 | D:5      | Bought a scroll of teleportation for 33 gold pieces
  3395 | D:5      | Found a broken altar of Ashenzari.
  3533 | D:5      | Reached skill level 8 in Axes
  3533 | D:5      | Reached XP level 6. HP: 51/51 MP: 6/6
  3608 | D:5      | Noticed an ice beast
  3616 | D:5      | Killed an ice beast
  3617 | D:5      | Reached skill level 9 in Axes
  3704 | D:5      | Found Ocajud's Antique Armour Emporium.
  3720 | D:5      | Noticed an ice beast
  3735 | D:5      | Killed an ice beast
  3736 | D:5      | Reached skill level 10 in Axes
  3736 | D:5      | Reached XP level 7. HP: 57/57 MP: 7/7
  4115 | D:6      | You fall into a shaft and drop 3 floors!
  4265 | D:9      | Reached skill level 11 in Axes
  4316 | D:8      | Found a glowing golden altar of the Shining One.
  4380 | D:8      | Noticed a steam dragon
  4403 | D:8      | Killed a steam dragon
  4404 | D:8      | Reached skill level 12 in Axes
  4404 | D:8      | Reached XP level 8. HP: 27/64 MP: 8/8
  4414 | D:7      | Noticed Joseph
  4416 | D:7      | Noticed Menkaure
  4434 | D:7      | Killed Menkaure
  4445 | D:7      | Killed Joseph
  4446 | D:7      | Reached skill level 13 in Axes
  4453 | D:7      | Found Karomi's Book Shoppe.
  4464 | D:7      | Noticed a hornet
  4470 | D:7      | Paralysed by a hornet for 3 turns
  4472 | D:7      | HP: 9/64 [hornet (14)]
  4472 | D:7      | Slain by a hornet

Vanquished Creatures
  Joseph (D:7)
  A steam dragon (D:8)
  Menkaure (D:7)
  2 ice beasts (D:5)
  A kobold brigand (D:9)
  A bullfrog (D:7)
  A gnoll sergeant (D:9)
  An orc priest (D:8)
  A hound (D:5)
  A jelly (D:5)
  A sleepcap (D:5)
  3 iguanas
  An orc wizard (D:8)
  4 adders
  14 gnolls
  A shadow imp (D:5)
  A worm (D:4)
  3 dart slugs
  20 orcs
  7 ball pythons
  9 endoplasms
  4 giant cockroaches
  3 goblins (D:1)
  7 hobgoblins
  7 kobolds
  A quokka (D:3)
  3 bats
  A frilled lizard (D:1)
  2 rats
103 creatures vanquished.

Table legend:
 A = Non-vault XP
 B = Vault XP
 C = Vault XP percentage of total XP
 D = Non-vault monster count
 E = Vault monster count
 F = Vault count percentage of total count
                 A         B        C        D         E       F
            +---------+---------+-------+---------+---------+-------
      Total |    1452 |     604 |  29.4 |     100 |       3 |   2.9
            +---------+---------+-------+---------+---------+-------
        D:1 |      45 |       0 |   0.0 |      25 |       0 |   0.0
        D:2 |      24 |       0 |   0.0 |       6 |       0 |   0.0
        D:3 |      32 |       1 |   3.0 |       9 |       1 |  10.0
        D:4 |     118 |       0 |   0.0 |      14 |       0 |   0.0
        D:5 |     554 |       0 |   0.0 |      18 |       0 |   0.0
        D:6 |      57 |       0 |   0.0 |       8 |       0 |   0.0
        D:7 |     108 |     603 |  84.8 |       5 |       2 |  28.6
        D:8 |     260 |       0 |   0.0 |       4 |       0 |   0.0
        D:9 |     254 |       0 |   0.0 |      11 |       0 |   0.0
            +---------+---------+-------+---------+---------+-------

Skill      XL: |  1  2  3  4  5  6  7  8 |
---------------+-------------------------+-----
Axes           | 3 4 5 6 8 10 12 13 | 13.7
Fighting       | |  3.6
Armour         | |  3.2
Shields        | |  3.2

Action                     |  1- 3 |  4- 6 |  7- 9 || total
---------------------------+-------+-------+-------++-------
  Melee: War axe           |    96 |   107 |    84 ||   287
    Use: Scroll            |       |     6 |    11 ||    17
         Potion            |       |       |     2 ||     2
 Armour: Scale mail        |    72 |    53 |    44 ||   169
  Dodge: Dodged            |    48 |    82 |    34 ||   164
  Block: Buckler           |    20 |    21 |    17 ||    58

Illustrated notes

Table legend:
 A = Kills in this place as a percentage of kills in the entire game.
 B = Kills by you in this place as a percentage of kills by you in the entire game.
 C = Kills by friends in this place as a percentage of kills by friends in the entire game.
 D = Other kills in this place as a percentage of other kills in the entire game.
 E = Experience gained in this place as a percentage of experience gained in the entire game.
 F = Experience gained in this place divided by the number of levels of this place that you have seen.
                   A       B       C       D       E      F
               +-------+-------+-------+-------+-------+----------------------
         Total | 100.0 | 100.0 |   N/A |   N/A | 100.0 | 228.4
       Dungeon | 100.0 | 100.0 |   N/A |   N/A | 100.0 | 228.4
               +-------+-------+-------+-------+-------+----------------------

Table legend: (Time is in decaauts)
 A = Elapsed time spent in this place.
 B = Non-inter-level travel time spent in this place.
 C = Inter-level travel time spent in this place.
 D = Time resting spent in this place.
 E = Time spent auto-exploring this place.
 F = Levels seen in this place.
 G = Mean time per level.
                   A        B        C        D        E       F      G
               +--------+--------+--------+--------+--------+-----+--------+
         Total |   4503 |   4397 |    106 |      0 |   3603 |   9 |  500.3 |
       Dungeon |   4503 |   4397 |    106 |      0 |   3603 |   9 |  500.3 |
               +--------+--------+--------+--------+--------+-----+--------+

Top non-repeatable levels by time:
     D:1: 1001 daAuts
     D:2: 921 daAuts
     D:3: 767 daAuts
     D:4: 718 daAuts
     D:5: 680 daAuts
     D:9: 174 daAuts
     D:8: 137 daAuts
     D:6: 73 daAuts
     D:7: 31 daAuts
